 Dungeon Crawl Stone Soup version 0.18.1-6-gd335043 (webtiles) character file.

34 Mefis the Magician (level 3, -8/19 HPs)
             Began as a Deep Elf Wizard on May 20, 2016.
             Killed from afar by Ijyb (10 damage)
             ... with a wand of flame
             ... on level 2 of the Dungeon.
             The game lasted 00:02:53 (1597 turns).

Mefis the Magician (Deep Elf Wizard)                Turns: 1597, Time: 00:02:54

Health: -8/19      AC:  2    Str:  4    XL:     3   Next: 14%
Magic:  2/11       EV: 13    Int: 23    God:
Gold:   84         SH:  0    Dex: 13    Spells: 5 memorised, 2 levels left

rFire  . . .     SeeInvis .     n - +0 dagger
rCold  . . .     Gourm    .     a - +0 robe
rNeg   . . .     Faith    .     (no shield)
rPois  .         Spirit   .     b - +0 hat
rElec  .         Dismiss  .     (no cloak)
rCorr  .         Reflect  .     (no gloves)
SustAt .         Harm     .     (no boots)
MR     .....                    (no amulet)
Stlth  ++........               (no ring)
                                (no ring)

@: very slightly contaminated, not resistant to hostile enchantments, unstealthy
A: no striking features
a: no special abilities


You were on level 2 of the Dungeon.
You were not hungry.

You visited 1 branch of the dungeon, and saw 2 of its levels.

You collected 84 gold pieces.

Inventory:

Hand Weapons
 n - a +0 dagger (weapon)
 p - a +0 hunting sling
Missiles
 g - a throwing net (quivered)
 j - 27 arrows
Armour
 a - a +0 robe (worn)
 b - a +0 hat (worn)
Scrolls
 f - a scroll of teleportation {unknown}
 k - 2 scrolls of identify {unknown}
Potions
 e - 4 potions of berserk rage {unknown}
 h - 7 potions of curing {unknown}
 l - a potion of haste {unknown}
 m - a potion of heal wounds {unknown}
Books
 c - a book of Minor Magic

   Spells                             Type                      Level
   a - Magic Dart                     Conjuration                  1
   b - Blink                          Translocation                2
   c - Call Imp                       Summoning                    2
   d - Repel Missiles                 Charms/Air                   2
   e - Slow                           Hexes                        2
   f - Conjure Flame                  Conjuration/Fire             3
   g - Mephitic Cloud                 Conjuration/Poison/Air       3
Comestibles
 d - a bread ration
 i - a royal jelly


   Skills:
 + Level 2.8 Dodging
 + Level 2.9 Stealth
 * Level 5.0 Spellcasting
 * Level 2.1 Conjurations
 - Level 1.1 Summonings
 - Level 1.1 Translocations
 + Level 0.0 Poison Magic


You had 2 spell levels left.
You knew the following spells:

 Your Spells              Type           Power        Failure   Level  Hunger
a - Magic Dart            Conj           ###.         4%          1    None
b - Call Imp              Summ           ##......     12%         2    None
c - Blink                 Tloc           N/A          12%         2    None
d - Repel Missiles        Chrm/Air       #.....       17%         2    None
e - Mephitic Cloud        Conj/Pois/Air  #.......     24%         3    ##.....


Dungeon Overview and Level Annotations

Branches:
Dungeon (2/15)

Altars:

Annotations:
D:2 Ijyb


Message History

Confirm with . or Enter, or press ? or * to list all spells.
You miscast Call Imp.
Shadowy shapes form in the air around you, then vanish.
Casting: Call Imp
Confirm with . or Enter, or press ? or * to list all spells.
A beastly little devil appears in a puff of frigid air.
Ijyb zaps a wand.
The puff of flame hits you!
Ouch! That really hurt!
* * * LOW HITPOINT WARNING * * *
A giant cockroach comes into view.
Your white imp hits Ijyb.
Your white imp freezes Ijyb.
You see here a stone.
Your white imp hits Ijyb but does no damage.
Your white imp barely misses Ijyb.
Casting: Call Imp
Confirm with . or Enter, or press ? or * to list all spells.
A beastly little devil appears in a puff of flame.
Ijyb zaps a wand.
The puff of flame hits you!
Ouch! That really hurt!
You die...

#......#.#.#.#
##....s..#
###..#.#.#.#
#.....)....#
#.....#5##.#
#.....#g...#
#.....#.####
#####.#g###########
#.#5..@.......#
#.###########.#
#)...<..# #.#
#####.#.### #.#
..........###.#
#####.#.#.....#
..........####
.###.#.#..#
#......#


You could see Ijyb and a friendly crimson imp.

Vanquished Creatures
  2 worms (D:2)
  A dart slug (D:1)
  2 giant geckos (D:1)
  2 giant cockroaches (D:1)
  A hobgoblin (D:1)
  A bat (D:1)
  3 giant newts (D:1)
  3 goblins
  8 kobolds
  7 rats (D:1)
30 creatures vanquished.

Notes
Turn   | Place    | Note
--------------------------------------------------------------
     0 | D:1      | Mefis the Deep Elf Wizard began the quest for the Orb.
     0 | D:1      | Reached XP level 1. HP: 10/10 MP: 7/7
   298 | D:1      | Reached XP level 2. HP: 15/15 MP: 4/9
   302 | D:1      | Learned a level 2 spell: Call Imp
   305 | D:1      | Learned a level 2 spell: Blink
   308 | D:1      | Learned a level 2 spell: Repel Missiles
  1279 | D:2      | Reached XP level 3. HP: 7/19 MP: 3/11
  1483 | D:2      | Learned a level 3 spell: Mephitic Cloud
  1512 | D:2      | Reached skill level 5 in Spellcasting
  1583 | D:2      | Noticed Ijyb
  1597 | D:2      | Killed from afar by Ijyb

Skill      XL: |  1  2  3 |
---------------+----------+-----
Conjurations   | 2 |  2.1
Spellcasting   | 5 |  5.0
Dodging        | |  2.8
Stealth        | |  2.9
Summonings     | |  1.1
Translocations | |  1.1

Action                   || total
-------------------------++-------
Melee: Dagger            ||     1
 Cast: Magic Dart        ||    61
       Repel Missiles    ||     1
       Call Imp          ||     2
 Stab: Sleeping          ||     1
  Eat: Chunk             ||     2
Dodge: Dodged            ||     4
       Deflected         ||     1
